 Dungeon Crawl Stone Soup version 0.27.0-66-gdc8fb28755 (webtiles) character file.

Game seed: 4980493875580068156

273 oldmanjim the Sneak (level 6, -3/37 HPs)
             Began as a Gargoyle Enchanter on Aug 15, 2021.
             Slain by an orc priest (4 damage)
             ... on level 4 of the Dungeon on Aug 20, 2021.
             The game lasted 00:29:14 (4652 turns).

oldmanjim the Sneak (Gargoyle Enchanter)            Turns: 4652, Time: 00:29:15

Health: -3/37      AC: 10    Str: 14    XL:     6   Next: 23%
Magic:  4/9        EV: 11    Int: 15    God:
Gold:   84         SH:  5    Dex: 16    Spells: 6/9 levels left

rFire    . . .     SeeInvis .   a - +1 dagger (vamp)
rCold    . . .     Faith    .   r - +0 buckler
rNeg     + . .     Spirit   .   A - +1 ring mail of Prudence {Rampage Drain Regen+ Dex+6}
rPois    ∞         Reflect  .   (no helmet)
rElec    +         Harm     .   (no cloak)
rCorr    .         Rampage  +   (no gloves)
Will     .....                  (no boots)
Stlth    ++........             (no amulet)
HPRegen  1.12/turn              s - ring of wizardry
MPRegen  0.11/turn              (no ring)

@: no status effects
A: sickness immunity, AC +4, negative energy resistance 1, electricity
resistance, torment resistance 1, petrification resistance
a: no special abilities


You were on level 4 of the Dungeon.
You visited 1 branch of the dungeon, and saw 4 of its levels.

You collected 84 gold pieces.

Inventory:

Hand Weapons
 a - a +1 vampiric dagger (weapon)
 b - a +0 hunting sling
 k - a +2 dagger of pain
 w - a +0 longbow
Missiles
 f - 26 stones
 l - 38 bolts
 n - 8 boomerangs
 o - 43 arrows
Armour
 h - a +0 ring mail
 q - a +0 leather armour
 r - a +0 buckler (worn)
 A - the +1 ring mail of Prudence (worn) {Rampage Drain Regen+ Dex+6}
   (You found it on level 4 of the Dungeon)

   Dex:       It affects your dexterity (+6).
   Regen:     It increases your rate of health regeneration.
   Drain:     It drains your maximum health when unequipped.
   Rampage:   It bestows one free step when moving towards enemies.
Jewellery
 j - a ring of ice
 s - a ring of wizardry (left hand)
Scrolls
 c - 3 scrolls of blinking {unknown}
 d - a scroll of immolation {unknown}
 u - a scroll of amnesia {unknown}
 v - a scroll of enchant weapon {unknown}
 y - a scroll of brand weapon {unknown}
 z - a scroll of enchant armour {unknown}
Potions
 e - a potion of resistance {unknown}
 g - a potion of berserk rage {unknown}
 i - a potion of curing {unknown}
 m - a potion of cancellation {unknown}
 p - 2 potions of haste
 t - a potion of ambrosia {unknown}
 x - 3 potions of heal wounds


   Skills:
 + Level 3.2 Fighting
 - Level 1.1 Short Blades
 - Level 1.5 Dodging
 - Level 4.0 Stealth
 - Level 4.0 Shields
 - Level 2.0 Spellcasting
 - Level 3.0 Hexes
 - Level 2.0 Ice Magic


You had 6 spell levels left.
You knew the following spells:

 Your Spells              Type           Power      Damage    Failure   Level
a - Corona                Hex            11%        N/A       5%          1
b - Ensorcelled Hibernat  Hex/Ice        18%        N/A       10%         2

Your spell library contained the following spells:

 Spells                   Type           Power      Damage    Failure   Level
 Confusing Touch          Hex            10%        N/A       16%         3
 Tukima's Dance           Hex            10%        N/A       16%         3
 Corpse Rot               Necr/Air       N/A        N/A       26%         2
 Dazzling Flash           Conj/Hex       12%        N/A       28%         3
 Inner Flame              Hex/Fire       6%         N/A       28%         3
 Dispel Undead            Necr           1%         3d6       85%         4
 Death Channel            Necr           0%         N/A       100%        6
 Death's Door             Necr           0%         N/A       100%        9
 Sublimation of Blood     Necr           Unusable   N/A       N/A         2

Dungeon Overview and Level Annotations

Branches:
Dungeon (4/15)
 Temple: D:4-7

Altars:
Fedhas
Ru
Uskayaw

Annotations:
D:3 Natasha


Innate Abilities, Weirdness & Mutations

You are immune to sickness and miasma.
Your stone body is resilient. (AC +4)
You are immune to poison.
You resist negative energy. (rN+)
You are resistant to electric shocks. (rElec)
You are resistant to unholy torment.
You are immune to petrification.


Message History

You block the orc warrior's attack.
The orc priest calls down the wrath of Beogh upon you.
Beogh smites you!
Casting: Ensorcelled Hibernation (safe; 10% risk of failure)
Confirm with . or Enter, or press ? or * to list all spells.
Aiming: Ensorcelled Hibernation (safe; 10% risk of failure)
Press: ? - help, Shift-Dir - straight line, f/p - orc warrior
Aim: an orc warrior, wielding a +0 short sword and wearing a +0 plate armour (lightly wounded, chance to affect: 40%)
The orc warrior looks drowsy...
The helpless orc warrior fails to defend itself.
You impale the orc warrior!!
You feel better.
The orc warrior is severely wounded.
The orc warrior hits you with a +0 short sword.
You hit the orc warrior but do no damage.
The orc warrior is severely wounded.
The orc warrior hits you with a +0 short sword!
The orc priest misses you.
The orc wizard casts a spell.
The orc wizard flickers and vanishes!
Deactivating autopickup; reactivate with Ctrl-A.
You hit the orc warrior.
The orc warrior is almost dead.
You block the orc warrior's attack.
The orc priest hits you but does no damage.
You hit the orc warrior but do no damage.
The orc warrior is almost dead.
The orc warrior hits you with a +0 short sword!
The orc priest hits you but does no damage.
You are too injured to fight recklessly!
The orc priest shouts!
You hit the orc warrior but do no damage.
The orc warrior is almost dead.
The orc warrior hits you with a +0 short sword.
The orc priest barely misses you.
You closely miss the orc warrior.
The orc warrior is almost dead.
The orc warrior hits you with a +0 short sword!
* * * LOW HITPOINT WARNING * * *
The orc priest hits you from afar with a +1 trident of protection.
You die...

############'##.......##...##
#.......##...#######'###...#
#............').......#......
#............#........#......
#............#........#......
#............#........#......
#............#........#......
#............#........#
#....#######@##..##...######
#....##.####o##..##...##...##
#....#....#..o....o.o('...(..
#....#....'...........#......
#....#....#...........#......
#....##...####)#########...##
#>...##...###....##...#######
#...........................#
#................<..........+


You could see an orc warrior and an orc priest.

Vanquished Creatures
  A scorpion (D:3)
  An orc priest (D:4)
  A hound (D:3)
  Natasha (D:3)
  An orc wizard (D:3)
  A gnoll (D:4)
  An adder (D:4)
  A worm (D:2)
  4 dart slugs (D:2)
  6 orcs
  2 bats (D:1)
  9 endoplasms
  3 giant cockroaches (D:3)
  10 goblins
  3 hobgoblins
  5 jackals
  3 kobolds
  3 quokkas
  5 ball pythons
  5 frilled lizards
  3 rats
69 creatures vanquished.

Notes
Turn   | Place    | Note
-------+----------+-------------------------------------------
     0 | D:1      | oldmanjim the Gargoyle Enchanter began the quest for the
                  | Orb.
     0 | D:1      | Reached XP level 1. HP: 10/10 MP: 3/3
   181 | D:1      | Reached skill level 1 in Short Blades
   205 | D:1      | Found a faded altar of an unknown god.
   243 | D:1      | Reached XP level 2. HP: 15/15 MP: 5/5
   400 | D:1      | Learned a level 2 spell: Ensorcelled Hibernation
  1516 | D:2      | Reached XP level 3. HP: 19/20 MP: 6/6
  1870 | D:2      | Got the Reference Book on Beguiling and Necromancy
  1888 | D:2      | Reached skill level 1 in Fighting
  1963 | D:2      | Reached skill level 1 in Ice Magic
  1963 | D:2      | Found a blossoming altar of Fedhas.
  2527 | D:2      | Reached skill level 1 in Shields
  2818 | D:3      | Noticed Natasha
  2822 | D:3      | Killed Natasha
  2823 | D:3      | Reached XP level 4. HP: 20/26 MP: 2/7
  2860 | D:3      | Noticed Natasha
  2906 | D:3      | Found a sacrificial altar of Ru.
  2919 | D:3      | Noticed a scorpion
  2930 | D:3      | Killed a scorpion
  2931 | D:3      | Reached XP level 5. HP: 23/30 MP: 5/8
  3118 | D:3      | Found a hide-covered altar of Uskayaw.
  3470 | D:3      | Upgraded the game from 0.27.0-1-g7a089689b8 to
                  | 0.27.0-66-gdc8fb28755
  4191 | D:4      | Reached XP level 6. HP: 30/36 MP: 4/9
  4521 | D:4      | Identified the +1 ring mail of Prudence {Rampage Drain
                  | Regen+ Dex+6}
  4615 | D:4      | Noticed an orc warrior
  4652 | D:4      | HP: 1/37 [orc warrior (14)]
  4652 | D:4      | Slain by an orc priest

Illustrated notes

Levels and vault maps discovered:
D:1:      evilmike_arrival_plus, layout_loops_corners,
          dreamdust_ecumenical_altar_grove
D:2:      layout_basic, basic_altar, minmay_tetromino_t4
D:3:      layout_basic, mainiacjoe_overflow_six_doors_small,
          mainiacjoe_overflow_surrounded_room, uniq_natasha
D:4:      layout_gridville, marbit_many_paths

Skill      XL: |  1  2  3  4  5  6 |
---------------+-------------------+-----
Short Blades   | 1 |  1.1
Stealth        | 4 |  4.0
Hexes          | 3 |  3.0
Fighting       | 1 2 3 |  3.2
Ice Magic      | 1 2 |  2.0
Shields        | 1 2 4 |  4.0
Dodging        | |  1.5
Spellcasting   | |  2.0

Action                   |  1- 3 |  4- 6 || total
-------------------------+-------+-------++-------
Melee: Dagger            |    97 |    89 ||   186
 Fire: Hunting sling     |    59 |     7 ||    66
 Cast: Ensorcelled Hiber |     2 |    36 ||    38
  Use: Scroll            |       |     2 ||     2
 Stab: Sleeping          |     9 |    22 ||    31
Armor: Robe              |    27 |       ||    27
       Leather armour    |     3 |    29 ||    32
       Ring mail         |       |     2 ||     2
Dodge: Dodged            |    52 |    45 ||    97
Block: Buckler           |     2 |    21 ||    23
